 Dungeon Crawl Stone Soup version 0.15.0-27-gbdb0435 (console) character file.

161 gw the Ruffian (level 5, -9/53 HPs)
             Began as a Troll Monk on Sept 11, 2014.
             Killed by divine providence
             ... invoked by an orc priest
              (15 damage)
             ... on Level 3 of the Dungeon.
             The game lasted 00:02:26 (3004 turns).

gw the Ruffian (Troll Monk)                         Turns: 3004, Time: 00:02:26

HP  -9/53        AC 10     Str 19      XL: 5   Next: 19%
MP   2/2         EV 11     Int  6      God:
Gold 0           SH  0     Dex 13      Spells:  0 memorised,  4 levels left

rFire  . . .     SeeInvis .       - Unarmed
rCold  . . .     Clarity  .     a - +2 robe
rNeg   . . .     rCorr    .     (shield restricted)
rPois  .         rRot     .     (helmet restricted)
rElec  .         Spirit   .     (no cloak)
SustAb .         Warding  .     (gloves unavailable)
rMut   .         Stasis   .     (boots unavailable)
Gourm  +                        (no amulet)
MR     +....                    m - ring of protection from magic
                                d - +3 ring of protection

@: somewhat resistant to hostile enchantments, very unstealthy
A: unfitting armour, claws 3, fast metabolism 3, gourmand, regeneration 2,
saprovore 2, shaggy fur 1, tough skin 2
a: no special abilities


You were on level 3 of the Dungeon.
You were very full.

You visited 1 branch of the dungeon, and saw 3 of its levels.

Inventory:

Missiles
 c - 53 stones (quivered)
Armour
 a - a +2 robe (worn)
Comestibles
 b - 2 meat rations
 h - a bread ration
Scrolls
 e - a scroll of magic mapping {unknown}
 g - a scroll of immolation {unknown}
 j - 2 scrolls of recharging {unknown}
 k - 2 scrolls of remove curse
 l - 5 scrolls of identify
Jewellery
 d - a +3 ring of protection (left claw)
 m - a ring of protection from magic (right claw)
Potions
 f - a potion of agility


   Skills:
 + Level 3.0 Fighting
 + Level 1.4 Throwing
 + Level 2.9 Dodging
 - Level 1.1 Stealth
 * Level 5.4 Unarmed Combat


You had 4 spell levels left.
You didn't know any spells.

Dungeon Overview and Level Annotations

Branches:
Dungeon (3/15)

Altars:


Innate Abilities, Weirdness & Mutations

You are too large for most types of armour.
You have claws for hands.
Your metabolism is lightning-fast.
You like to eat raw meat.
You heal very quickly.
You can eat rotten meat.
You are covered in fur (AC +1).
You have very tough skin (AC +2).


Message History

The orc closely misses you.
ATTACK MOVE TO (-1,0)
You scratch the orc priest.
The orc priest is heavily wounded.
The orc priest becomes somewhat translucent.
ATTACK MOVE TO (-1,0)
You barely miss the orc priest.
The orc priest is heavily wounded.
The orc hits you. The orc closely misses you.
ATTACK MOVE TO (-1,0)
You barely miss the orc priest.
The orc priest is heavily wounded.
The orc priest's eyes start to glow.
The orc closely misses you.
ATTACK MOVE TO (-1,0)
You scratch the orc priest but do no damage.
The orc priest is heavily wounded.
The orc priest mumbles some strange prayers to Beogh against you.
Something smites you!
You die...

#.# # #.# # ###.#################
# #...................# #
#.#.##########......# # #.#.#
#.......# ####### # #.#.##
#.#.##'## #.....# # #.#..#
#.#.##.#####.....### #.#..#
####.oTo......+........
#.#..#####....#o....####........
#.#............o....####........
##...................+...........
..............<#.....######.##...
###.#.########.#.....# ###).....
#.#.....# #.......####......#.
#.#.....# #.#.##..............
#.#.....####............#....#.


You could see an orc priest (bleeding) and 3 orcs.

Table legend:
 A = Turns spent in this place as a percentage of turns spent in the entire game.
 B = Non-inter-level travel turns spent in this place as a percentage of non-inter-level travel turns spent in the entire game.
 C = Inter-level travel turns spent in this place as a percentage of turns spent in this place.
 D = Turns resting spent in this place as a percentage of non-inter-level travel turns spent in this place.
 E = Turns spent auto-exploring this place as a percentage of non-inter-level travel turns spent in this place.
 F = Non-inter-level travel turns spent in this place divided by the number of levels of this place that you've seen.
                   A       B       C       D       E      F
               +-------+-------+-------+-------+-------+----------------------
         Total | 100.0 | 100.0 |   3.0 |   0.9 |  10.5 | 445.7
       Dungeon | 100.0 | 100.0 |   3.0 |   0.9 |  10.5 | 445.7
               +-------+-------+-------+-------+-------+----------------------

Table legend:
 A = Kills in this place as a percentage of kills in entire the game.
 B = Kills by you in this place as a percentage of kills by you in the entire game.
 C = Kills by friends in this place as a percentage of kills by friends in the entire game.
 D = Other kills in this place as a percentage of other kills in the entire game.
 E = Experience gained in this place as a percentage of experience gained in the entire game.
 F = Experience gained in this place divided by the number of levels of this place that you have seen.
                   A       B       C       D       E      F
               +-------+-------+-------+-------+-------+----------------------
         Total | 100.0 | 100.0 |  -nan |  -nan | 100.0 |  77.0
       Dungeon | 100.0 | 100.0 |  -nan |  -nan | 100.0 |  77.0
               +-------+-------+-------+-------+-------+----------------------

Vanquished Creatures
  Terence (D:3)
  7 adders
  2 worms
  4 giant geckos (D:3)
  5 orcs (D:3)
  7 bats
  3 giant cockroaches
  6 goblins
  10 hobgoblins
  6 jackals
  8 kobolds
  A quokka (D:2)
  6 giant newts
  10 rats
76 creatures vanquished.

Notes
Turn   | Place    | Note
--------------------------------------------------------------
     0 | D:1      | gw, the Troll Monk, began the quest for the Orb.
     0 | D:1      | Reached XP level 1. HP: 22/22 MP: 1/1
   287 | D:1      | Reached XP level 2. HP: 29/29 MP: 1/1
  1036 | D:2      | Reached XP level 3. HP: 36/36 MP: 2/2
  1038 | D:2      | Reached skill level 1 in Throwing
  1715 | D:2      | Reached XP level 4. HP: 41/44 MP: 2/2
  1886 | D:3      | Noticed Terence
  1890 | D:3      | Killed Terence
  1982 | D:3      | Reached skill level 5 in Unarmed Combat
  2442 | D:3      | Reached XP level 5. HP: 51/53 MP: 2/2
  3004 | D:3      | Killed from afar by an orc priest

Action                   |  1- 3 |  4- 6 || total
-------------------------+-------+-------++-------
Melee: Unarmed           |    80 |    76 ||   156
Throw: Stone             |   103 |   102 ||   205
  Use: Scroll            |       |     6 ||     6
       Potion            |       |     2 ||     2
  Eat: Chunk             |    20 |    12 ||    32

Vault maps used:
D:1:      lemuel_arrival_cross, serial_bayou, serial_bayou_lake_a,
          serial_bayou_shore_a, serial_bayou_pond_c, serial_bayou_ford_a
D:2:      first_bread
D:3:      gup_sewer_entry_spiral, kennysheep_flooded_box, uniq_terence
